 Dungeon Crawl Stone Soup version 0.17-a0-1787-g4aeb8be (webtiles) character file.

4359 Enroth the Blocker (level 10, -6/77 HPs)
             Began as a Vampire Fighter on Sept 9, 2015.
             Was a Believer of Okawaru.
             Mangled by a hill giant
             ... wielding a +0 giant club
              (30 damage)
             ... on level 11 of the Dungeon.
             The game lasted 00:43:04 (6567 turns).

Enroth the Blocker (Vampire Fighter)                Turns: 6567, Time: 00:43:04

Health: -6/77      AC: 14    Str: 18    XL:     10   Next: 12%
Magic:  0/10       EV:  6    Int: 11    God:    Okawaru [**....]
Gold:   453        SH: 11    Dex: 14    Spells: 0 memorised, 9 levels left

rFire  + . .     SeeInvis +     a - +1 long sword
rCold  . . .     Clarity  .     u - +2 chain mail {rPois}
rNeg   + . .     SustAt   .     c - +0 shield
rPois  +         Gourm    .     q - +0 hat
rElec  .         Spirit   +     w - +0 cloak
rCorr  .         Warding  .     v - +0 pair of gloves
rMut   .         Stasis   .     (no boots)
MR     +....                    n - amulet of guardian spirit
Stlth  ..........               x - ring of positive energy
                                z - ring of protection from fire

@: very slightly contaminated, regenerating quickly, invisible, somewhat
resistant to hostile enchantments, extremely unstealthy
A: fangs 3, see invisible, unbreathing
a: Heroism, Renounce Religion


You were on level 11 of the Dungeon.
You worshipped Okawaru.
Okawaru was pleased with you.
You were very full.

You visited 2 branches of the dungeon, and saw 10 of its levels.
You also visited: Ossuary.

You collected 453 gold pieces.

Inventory:

Hand weapons
 a - a +1 long sword (weapon)
Armour
 c - a +0 shield (worn)
 q - a +0 hat (worn)
 u - a +2 chain mail of poison resistance (worn)
 v - a +0 pair of gloves (worn)
 w - a +0 cloak (worn)
 y - a troll hide
Jewellery
 n - an amulet of guardian spirit (around neck)
 x - a ring of positive energy (right hand)
 z - a ring of protection from fire (left hand)
Magical devices
 l - a wand of fire (11)
 s - a wand of fire (5)
 t - a wand of draining (7)
Scrolls
 b - 2 scrolls of enchant weapon
 f - 6 scrolls of identify
 g - 2 scrolls of teleportation
 h - a scroll of recharging
 i - 2 scrolls of magic mapping
 k - a scroll of blinking
 o - 10 scrolls of remove curse
Potions
 d - 3 potions of curing
 e - 13 potions of blood
 m - 2 potions of cancellation
 r - 2 potions of resistance
 A - a potion of brilliance


   Skills:
 + Level 6.5 Fighting
 + Level 7.5 Long Blades
 + Level 6.0 Armour
 - Level 1.4 Dodging
 + Level 1.9 Stealth
 + Level 8.2 Shields
 + Level 0.3 Invocations
 + Level 0.8 Evocations


You had 9 spell levels left.
You didn't know any spells.

Dungeon Overview and Level Annotations

Branches:
Dungeon (11/15)            Temple (1/1) D:5            Lair (0/8) D:8
    Orc: D:9-12

Altars:
Ashenzari
Cheibriados
Dithmenos
Elyvilon
Fedhas
Gozag
Kikubaaqudgha
Makhleb
Nemelex Xobeh
Okawaru
Qazlal
Ru
Sif Muna
Trog
Vehumet
Xom
Yredelemnul
Zin
The Shining One

Annotations:
D:7 Blork the orc


Innate Abilities, Weirdness & Mutations

Your natural rate of healing is unusually fast.
You have razor-sharp teeth.
You have supernaturally acute eyesight.
You can survive without breathing.


Message History

The hill giant hits you with a giant club.
You slash the hill giant!
The hill giant is severely wounded.
The hill giant barely misses you.
You hit the hill giant but do no damage.
The hill giant is severely wounded.
The hill giant barely misses you.
You hit the hill giant.
The hill giant is severely wounded.
The hill giant hits you with a giant club!!
* * * LOW HITPOINT WARNING * * *
Drink which item? (? for menu, Esc to quit)
You feel much better.
The hill giant hits you but does no damage.
You slash the hill giant!
The hill giant is almost dead.
You hit the hill giant.
The hill giant is almost dead.
The hill giant hits you with a giant club!!
You die...

.# .# #
##.####..
##........
.....C... ######
#....# .)...
#...#
#..#####..#.#
#..@C.......#
#$######.##....#
# ..# .#### #.#
# #.# #.# #.. ##


You could see a hill giant.

Vanquished Creatures
  Pikel (D:5)
  A troll (D:8)
  Sigmund (D:5)
  3 wolves (D:8)
  Edmund (D:4)
  A black bear (D:6)
  A sky beast (D:6)
  2 ice beasts
  3 orc warriors
  3 ogres
  4 centaurs
  A giant frog (D:7)
  A gnoll sergeant (D:7)
  A wyvern skeleton (D:5)
  A scorpion (D:5)
  3 jellies
  An electric eel (D:8)
  A crimson imp (D:7)
  7 hounds
  Crazy Yiuf (D:4)
  8 orc priests
  Ijyb (D:2)
  10 orc wizards
  Terence (D:3)
  2 iguanas
  A gnoll shaman (D:6)
  5 worker ants
  4 big kobold zombies (Ossuary)
  2 mummies (Ossuary)
  9 gnolls
  2 shadow imps
  11 adders
  An ooze (D:1)
  2 adder skeletons
  4 adder zombies (Ossuary)
  2 worms
  38 orcs
  2 ball pythons
  9 giant cockroaches
  7 hobgoblins
  8 kobolds
  7 quokkas
  10 bats
  5 giant geckos
  3 giant newts (D:1)
  3 gnoll zombies (Ossuary)
  8 goblins
  5 hobgoblin zombies (Ossuary)
  5 jackals
  4 kobold zombies (Ossuary)
  An orc zombie (Ossuary)
  5 rats
223 creatures vanquished.

Vanquished Creatures (others)
  A slave (D:5)
1 creature vanquished.

Grand Total: 224 creatures vanquished

Notes
Turn   | Place    | Note
--------------------------------------------------------------
     0 | D:1      | Enroth the Vampire Fighter began the quest for the Orb.
     0 | D:1      | Reached XP level 1. HP: 17/17 MP: 1/1
   169 | D:1      | Reached XP level 2. HP: 18/23 MP: 2/2
   224 | D:1      | Reached skill level 3 in Fighting
   699 | D:2      | Reached XP level 3. HP: 29/29 MP: 3/3
   727 | D:2      | Found a stormy altar of Qazlal.
   994 | D:2      | Reached skill level 1 in Dodging
   994 | D:2      | Reached XP level 4. HP: 26/35 MP: 4/4
  1125 | D:2      | Noticed Ijyb
  1142 | D:2      | Killed Ijyb
  1358 | D:3      | Noticed Terence
  1370 | D:3      | Killed Terence
  1370 | D:3      | Reached XP level 5. HP: 25/41 MP: 2/5
  1401 | D:3      | Noticed an ogre
  1407 | D:3      | Killed an ogre
  1553 | D:3      | Reached skill level 4 in Shields
  1613 | D:3      | Reached XP level 6. HP: 28/48 MP: 3/6
  2450 | D:4      | Reached XP level 7. HP: 54/54 MP: 7/7
  2485 | D:4      | Reached skill level 5 in Shields
  2626 | D:4      | Noticed Crazy Yiuf
  2636 | D:4      | Killed Crazy Yiuf
  2645 | D:4      | Got a warped mace
  2651 | D:4      | Identified the +5 mace "Teelam" {flame, *Drain Dex+2 SInv} (You found it on level 4 of the Dungeon)
  2885 | D:4      | Noticed Edmund
  2927 | D:4      | Killed Edmund
  3040 | D:4      | Gained mutation: You evolve. [potion of mutation]
  3040 | D:4      | Gained mutation: You can spit weak poison. [potion of mutation]
  3040 | D:4      | Gained mutation: Your body sometimes deteriorates upon taking damage. [potion of mutation]
  3064 | D:5      | Entered Level 5 of the Dungeon
  3171 | D:5      | Found a staircase to the Ecumenical Temple.
  3216 | D:5      | Reached XP level 8. HP: 38/61 MP: 5/8
  3413 | D:5      | Noticed Sigmund
  3446 | D:5      | Killed Sigmund
  3446 | D:5      | Reached skill level 5 in Fighting
  3446 | D:5      | Reached skill level 5 in Long Blades
  3446 | D:5      | Reached skill level 1 in Stealth
  3485 | D:6      | Found a sand-covered staircase.
  3489 | Ossuary  | Entered an ossuary
  3493 | Ossuary  | Gained mutation: You occasionally shout uncontrollably at your foes. [evolution]
  3609 | Ossuary  | Reached skill level 6 in Shields
  4002 | D:6      | Lost mutation: You occasionally shout uncontrollably at your foes. [potion of cure mutation]
  4002 | D:6      | Lost mutation: You evolve. [potion of cure mutation]
  4002 | D:6      | Lost mutation: Your body sometimes deteriorates upon taking damage. [potion of cure mutation]
  4002 | D:6      | Lost mutation: You can spit weak poison. [potion of cure mutation]
  4166 | D:6      | Reached XP level 9. HP: 64/69 MP: 9/9
  4415 | Temple   | Entered the Ecumenical Temple
  4534 | Temple   | Became a worshipper of Warmaster Okawaru
  4852 | D:5      | Found a sparkling altar of Nemelex Xobeh.
  4888 | D:5      | Noticed Pikel
  4913 | D:5      | Killed Pikel
  4913 | D:5      | Acquired Okawaru's first power
  4913 | D:5      | Reached skill level 5 in Armour
  4913 | D:5      | Reached skill level 7 in Shields
  5295 | D:7      | Found a shadowy altar of Dithmenos.
  5502 | D:7      | Noticed Blork the orc
  5508 | D:7      | Found a deep blue altar of Sif Muna.
  5843 | D:7      | Found a stormy altar of Qazlal.
  5847 | D:7      | Found a blossoming altar of Fedhas.
  5975 | D:7      | Found a snail-covered altar of Cheibriados.
  6300 | D:8      | Reached skill level 8 in Shields
  6318 | D:8      | Reached XP level 10. HP: 45/77 MP: 6/10
  6433 | D:8      | Found a staircase to the Lair.
  6471 | D:8      | Found a sacrificial altar of Ru.
  6472 | D:8      | Found a shattered altar of Ashenzari.
  6533 | D:8      | You fall through a shaft for 3 floors!
  6533 | D:11     | Noticed a hill giant
  6558 | D:11     | HP: 2/77 [hill giant/giant club (11)]
  6567 | D:11     | Mangled by a hill giant

Vault maps used:
D:1:      dpeg_arrival_lava_altar
D:2:      minmay_door_path, kennysheep_flooded_box, uniq_iyjb
D:3:      minmay_misc_feat_five, grunt_ministairs_12, uniq_terence
D:4:      first_bread, minivault_25, uniq_edmund, uniq_crazy_yiuf_cottage
D:5:      lemuel_crystal_altar, minmay_temple_entry_from_below_b, uniq_sigmund,
          uniq_pikel
D:6:      lightli_ossuary_entry_decrepit_ruins
D:7:      grunt_temple_overflow_forces_of_nature, tgw_sif,
          lemuel_coloured_pillars_altar, nicolae_dithmenos_the_darkroom
D:8:      gammafunk_temple_overflow_statue, erik_lair_island, hangedman_ranch
D:11:     uniq_harold
Temple:   bh_familiar_temple
Ossuary:  ossuary_tomb_2

Action                   |  1- 3 |  4- 6 |  7- 9 | 10-12 || total
-------------------------+-------+-------+-------+-------++-------
Melee: Long sword        |   131 |   262 |   639 |    71 ||  1103
Invok: Heroism           |       |       |     2 |       ||     2
Evoke: Wand              |       |       |     3 |       ||     3
  Use: Potion            |     2 |     6 |    24 |     7 ||    39
       Scroll            |       |     2 |    12 |     1 ||    15
 Stab: Invisible         |       |       |     1 |       ||     1
  Eat: Corpse            |     9 |     8 |    13 |       ||    30
